 Dungeon Crawl Stone Soup version 0.16.2-12-gd0ad4c3 (webtiles) character file.

52 faibistes the Magician (level 3, 0/19 HPs)
             Began as a Deep Elf Wizard on Jan 8, 2019.
             Was an Initiate of Sif Muna.
             Killed by nerve-wracking pain
             ... invoked by Grinder
              (11 damage)
             ... on level 3 of the Dungeon.
             The game lasted 00:04:31 (1613 turns).

faibistes the Magician (Deep Elf Wizard)            Turns: 1613, Time: 00:04:31

Health: 0/19       AC:  2    Str:  4    XL:     3   Next: 60%
Magic:  8/14       EV: 13    Int: 23    God:    Sif Muna [......]
Gold:   18         SH:  0    Dex: 13    Spells: 5 memorised, 2 levels left

rFire  . . .     SeeInvis .     k - +0 dagger
rCold  . . .     Clarity  .     a - +0 robe
rNeg   . . .     SustAb   .     (no shield)
rPois  .         Gourm    .     b - +0 hat
rElec  .         Spirit   .     (no cloak)
rCorr  .         Warding  .     (no gloves)
rMut   .         Stasis   .     (no boots)
MR     .....                    (no amulet)
Stlth  ++........               (no ring)
                                (no ring)

@: not resistant to hostile enchantments, unstealthy
A: no striking features
a: Renounce Religion


You were on level 3 of the Dungeon.
You worshipped Sif Muna.
Sif Muna was noncommittal.
You were not hungry.

You visited 1 branch of the dungeon, and saw 3 of its levels.

You collected 18 gold pieces.

Inventory:

Hand weapons
 g - a +0 club
 k - a +0 dagger (weapon)
Armour
 a - a +0 robe (worn)
 b - a +0 hat (worn)
Scrolls
 h - 3 scrolls of identify
Potions
 e - 2 potions of brilliance
 n - 2 potions of restore abilities {unknown}
Books
 c - a book of Minor Magic

   Spells                             Type                      Level
   a - Magic Dart                     Conjuration                  1
   b - Blink                          Translocation                2
   c - Call Imp                       Summoning                    2
   d - Repel Missiles                 Charms/Air                   2
   e - Slow                           Hexes                        2
   f - Conjure Flame                  Conjuration/Fire             3
   g - Mephitic Cloud                 Conjuration/Poison/Air       3
Comestibles
 d - a bread ration


   Skills:
 + Level 3.1 Dodging
 - Level 2.4 Stealth
 * Level 5.5 Spellcasting
 * Level 2.1 Conjurations
 - Level 1.1 Summonings
 - Level 1.1 Translocations


You had 2 spell levels left.
You knew the following spells:

 Your Spells              Type           Power        Failure   Level  Hunger
a - Magic Dart            Conj           ###.         3%          1    None
b - Conjure Flame         Conj/Fire      ##......     21%         3    ##.....
c - Call Imp              Summ           ##......     12%         2    None
d - Blink                 Tloc           N/A          12%         2    None
e - Mephitic Cloud        Conj/Pois/Air  #.......     21%         3    ##.....


Dungeon Overview and Level Annotations

Branches:
Dungeon (3/15)

Altars:
Dithmenos
Gozag
Makhleb
Sif Muna
Yredelemnul

Annotations:
D:3 Grinder


Message History

You can move again.
Casting: Mephitic Cloud
Confirm with . or Enter, or press ? or * to list all spells.
You blink.
Grinder gestures.
Grinder blinks!
Grinder says, "What is the universe for?"
You see here 3 stones.
Grinder grins, showing sharp teeth.
Casting: Blink
Confirm with . or Enter, or press ? or * to list all spells.
Aiming: Conjure Flame
Press: ? - help, Dir - move target cursor The fire roars!
Grinder gestures at you. You resist with significant effort.
Grinder gestures at you. Pain shoots through your body!
Ouch! That really hurt!
You die...

### ###
#.##########.#########
#....5§@(.......(....#
#.##################.#
#.# .........### #)# #
#######....# ####(#.#
#..._.. #..([..#
#._.... .######.((...#
#.......
....!...(....#
#....⌠..
.......†.....#
#.......


You could see Grinder.

Vanquished Creatures
  An adder (D:3)
  A worm (D:1)
  An ooze (D:3)
  3 bats (D:1)
  2 giant cockroaches (D:1)
  2 goblins
  3 hobgoblins (D:1)
  4 giant newts (D:1)
  8 kobolds
  3 rats (D:1)
28 creatures vanquished.

Vanquished Creatures (collateral kills)
  A worm (D:3)
  3 orcs (D:3)
4 creatures vanquished.

Vanquished Creatures (others)
  An iron imp (D:3)
  A white imp (D:3)
2 creatures vanquished.

Grand Total: 34 creatures vanquished

Notes
Turn   | Place    | Note
--------------------------------------------------------------
     0 | D:1      | faibistes, the Deep Elf Wizard, began the quest for the Orb.
     0 | D:1      | Reached XP level 1. HP: 10/10 MP: 6/6
   432 | D:1      | Reached XP level 2. HP: 15/15 MP: 5/10
   445 | D:1      | Learned a level 2 spell: Blink
   448 | D:1      | Learned a level 2 spell: Call Imp
   573 | D:1      | Reached skill level 5 in Spellcasting
  1295 | D:1      | Reached XP level 3. HP: 19/19 MP: 0/14
  1300 | D:1      | Learned a level 3 spell: Conjure Flame
  1304 | D:1      | Learned a level 3 spell: Mephitic Cloud
  1447 | D:3      | Found a shadowy altar of Dithmenos.
  1487 | D:3      | Found a deep blue altar of Sif Muna.
  1489 | D:3      | Found an opulent altar of Gozag.
  1490 | D:3      | Found a burning altar of Makhleb.
  1490 | D:3      | Found a basalt altar of Yredelemnul.
  1494 | D:3      | Became a worshipper of Sif Muna the Loreminder
  1561 | D:3      | Noticed Grinder
  1592 | D:3      | Paralysed by Grinder for 4 turns
  1602 | D:3      | Paralysed by Grinder for 4 turns
  1613 | D:3      | Killed from afar by Grinder

Action                   || total
-------------------------++-------
Melee: Unarmed           ||    12
       Dagger            ||    10
 Cast: Magic Dart        ||    73
       Mephitic Cloud    ||     4
       Conjure Flame     ||     2
       Call Imp          ||     2
       Blink             ||     1
  Use: Scroll            ||     5
       Potion            ||     1
  Eat: Chunk             ||     2
